 Dungeon Crawl Stone Soup version 0.31.0-12-g77e489cdc1 (webtiles) character file.

Game seed: 5372204090719538262

42 H0rd4k the Charlatan (level 3, 0/23 HPs)
             Began as an Octopode Artificer on Mar 1, 2024.
             Succumbed to an adder's poison
             ... on level 2 of the Dungeon.
             The game lasted 00:00:45 (875 turns).

H0rd4k the Charlatan (Octopode Artificer)            Turns: 875, Time: 00:00:46

Health: 0/23       AC:  1    Str: 11    XL:     3   Next: 54%
Magic:  3/3        EV: 13    Int: 15    God:
Gold:   47         SH:  0    Dex: 12    Spells: 2/2 levels left

rFire   + .          .
                       - Unarmed
rCold   + . .        (no shield)
rNeg    . . .        (helmet restricted)
rPois   +            (no amulet)
rElec   +            (no ring)
rCorr   +            (no ring)
SInv    .            (no ring)
Will    .....        (no ring)
Stlth   +++          (no ring)
HPRegen 0.23/turn    (no ring)
MPRegen 0.08/turn    (no ring)
                     (no ring)

%: no passive effects
@: lethally poisoned (0 -> -1), resistant
A: almost no armour, amphibious, 8 rings, camouflage 1, gelatinous body 1,
(nimble swimmer 1), tentacles
a: no special abilities


You were on level 2 of the Dungeon.
You visited 1 branch of the dungeon, and saw 2 of its levels.

You collected 47 gold pieces.

Inventory:

Wands
 b - a wand of flame (13) (quivered)
 c - a wand of charming (15)
 d - a wand of iceblast (5)
Scrolls
 a - a scroll of fear {unknown}
 f - a scroll of revelation {unknown}


   Skills:
 + Level 1.4 Fighting
 - Level 2.3 Dodging
 - Level 1.3 Stealth
 + Level 2.8 Unarmed Combat
 - Level 3.2 Evocations


You had 2 spell levels left.
You didn't know any spells.
Your spell library was empty.

Dungeon Overview and Level Annotations

Branches:
Dungeon (2/15)

Altars:


Innate Abilities, Weirdness & Mutations

You cannot wear most types of armour.
You are amphibious.
You can wear up to eight rings at the same time.
Your skin changes colour to match your surroundings (Stealth+).
Your rubbery body absorbs attacks. (AC +1, EV +1)
((You are camouflaged when in or above water. (Stealth+)))
You have tentacles for arms and can constrict up to eight enemies at once.


Message History

You feel sick. The adder misses you. The adder closely misses you.
You are too injured to fight recklessly!
You tentacle-slap the adder. Your grab misses the adder.
The adder is heavily wounded.
You feel sick.
You are no longer poisoned.
The adder closely misses you.
You tentacle-slap the adder. Your grab misses the adder.
The adder is severely wounded.
The adder bites you.
You miss the adder. Your grab misses the adder.
The adder is severely wounded.
The adder bites you.
* * * LOW HITPOINT WARNING * * *
You closely miss the adder. Your grab misses the adder.
The adder is severely wounded.
The adder barely misses you. The adder bites you.
* * * LOW HITPOINT WARNING * * *
You are lethally poisoned!
The adder poisons you!
You are too injured to fight recklessly!
Aiming: Throw Flame
Press: ? - help, Shift-Dir - straight line, f - adder
Aim: an adder (severely wounded, 53% to hit)
The puff of flame misses the adder.
* * * LOW HITPOINT WARNING * * *
You feel sick. The adder bites you but does no damage.
Unknown command.
Aiming: Throw Flame
Press: ? - help, Shift-Dir - straight line, f/p - adder
Aim: an adder (severely wounded, 53% to hit)
The puff of flame hits the adder.
You kill the adder!
* * * LOW HITPOINT WARNING * * *
You feel sick.
It was a potion of resistance.
You feel protected.
* * * LOW HITPOINT WARNING * * *
You feel sick.
You die...

##### #.#.##########
#............#
#.#...........
#####.#.#########.
#.................
####.###.#.#########.
#.†.@..#...# #.
#.##.#.#..<# #. #
#..#.##.##########.
#..................
#..#.#.............
#..#...#########.##
#..###.# ####...
#......# ###.....#
#.#########...###.#


There were no monsters in sight!

Vanquished Creatures
  An adder (D:2)
  3 ball pythons (D:1)
  A bat (D:2)
  4 endoplasms (D:1)
  3 goblins (D:1)
  5 hobgoblins (D:1)
  5 jackals (D:1)
  A kobold (D:1)
  A frilled lizard (D:1)
  4 rats
28 creatures vanquished.

Notes
Turn   | Place    | Note
-------+----------+-------------------------------------------
     0 | D:1      | H0rd4k the Octopode Artificer began the quest for the Orb.
     0 | D:1      | Reached XP level 1. HP: 13/13 MP: 1/1
   193 | D:1      | Reached skill level 1 in Unarmed Combat
   198 | D:1      | Reached XP level 2. HP: 17/18 MP: 2/2
   502 | D:1      | Reached XP level 3. HP: 18/23 MP: 3/3
   874 | D:2      | HP: 1/23 [poisoned by an adder]
   875 | D:2      | Succumbed to an adder's poison

Illustrated notes

Levels and vault maps discovered:
D:1:      evilmike_arrival_fibonacci_small, layout_loops_ring
D:2:      layout_basic, uniq_jessica, uniq_terence

Skill      XL: |  1  2 |
---------------+-------+-----
Unarmed Combat | 1 2 |  2.8
Fighting       | |  1.4
Dodging        | |  2.3
Stealth        | |  1.3
Evocations     | |  3.2

Action                     || total
---------------------------++-------
  Melee: Unarmed           ||    60
         Tentacles         ||    11
         Constrict         ||    16
  Evoke: Wand              ||     2
    Use: Potion            ||     1
   Stab: Sleeping          ||     4
 Armour: Skin              ||    26
  Dodge: Dodged            ||    32
